Map: Galactic Process LE

Players

Amix

  • Race: Zerg Zerg
  • League: Platinum
  • Spawn Location: 1:00

Goldmember - Winner!

  • Race: Zerg Zerg
  • League: Platinum
  • Spawn Location: 7:00

VOD

Have the link to the VOD?

Description

Time

  • Played on: Nov. 16, 2016, 5:06 p.m.
  • Length: 4:26
Show
View Real Time Build Order
Export as new Build Order

Amix Zerg 

Build Orders: Pool Only 

Get SALT Encoding   

  12  0:01  Drone  
  13  0:23  Spawning Pool  
  13  0:26  Drone  
  13  0:31  Drone  
  13  0:35  Extractor  
  13  0:37  Drone  
  14  0:46  Overlord  
  14  1:10  Zergling x4  
  17  1:11  Zergling x2  
  17  1:14  Queen  
  19  1:20  Zergling x2  
  20  1:31  Zergling x2  
  21  1:37  Metabolic Boost  
  21  1:46  Zergling x2  
  22  1:57  Baneling Nest  
  21  2:04  Zergling x2  
  21  2:27  Zergling x2  
  20  2:54  Baneling x3  
  20  2:57  Zergling x4  
  18  3:28  Zergling x6  
  21  3:39  Baneling  
  21  3:40  Baneling  
  21  3:44  Overlord  
  21  3:45  Overlord x2  
Show
View Real Time Build Order
Export as new Build Order

Goldmember Zerg - Winner!

Build Orders: Pool First 

Get SALT Encoding   

  12  0:01  Drone  
  13  0:19  Overlord  
  13  0:26  Overlord  
  13  0:29  Drone  
  14  0:52  Drone x3  
  14  0:56  Spawning Pool  
  16  0:59  Extractor  
  15  1:04  Drone  
  16  1:14  Drone  
  17  1:24  Drone  
  18  1:40  Drone  
  19  1:47  Hatchery  
  19  1:51  Queen  
  20  1:58  Metabolic Boost  
  20  2:05  Zergling x2  
  21  2:31  Zergling x4  
  22  2:56  Zergling x6  
  25  3:09  Zergling x6  
  24  3:31  Zergling x4  
  26  3:34  Zergling x2  
  27  3:45  Roach Warren  
  26  3:58  Zergling x2  
  26  3:59  Zergling x6  
Tags
 
Add a new tag
Caveats
  • Supply blocks, unpowered buildings, or Contaminate may cause inaccurate times.
  • Supply counts are checked every 10 seconds.